 Dungeon Crawl Stone Soup version 0.23.2 (webtiles) character file.

Game seed: 4080188703139195542

106 Kairos the Skirmisher (level 5, 0/42 HPs)
             Began as a Formicid Abyssal Knight on Apr 9, 2019.
             Was a Believer of Lugonu.
             Killed by divine providence
             ... invoked by an orc priest
              (12 damage)
             ... on level 3 of the Dungeon.
             The game lasted 00:03:14 (2542 turns).

Kairos the Skirmisher (Formicid Abyssal Knight)     Turns: 2542, Time: 00:03:15

Health: 0/42       AC:  9    Str: 17    XL:     5   Next: 10%
Magic:  6/6        EV:  8    Int: 12    God:    Lugonu [**....]
Gold:   108        SH:  0    Dex: 12    Spells: 4/4 levels left

rFire    . . .     SeeInvis +   a - +1 spear
rCold    . . .     Gourm    .   (no shield)
rNeg     . . .     Faith    .   m - +0 chain mail
rPois    .         Spirit   .   (helmet unavailable)
rElec    .         Reflect  .   (no cloak)
rCorr    .         Harm     .   (no gloves)
MR       .....                  l - +0 pair of boots
Stlth    ..........             (no amulet)
HPRegen  0.14/turn              (no ring)
MPRegen  0.10/turn              (no ring)

@: drained
A: permanent stasis, dig shafts and tunnels, four strong arms, antennae 3, agile
1, sturdy frame 1
a: Dig, Shaft Self, Depart the Abyss, Bend Space, Renounce Religion


You were on level 3 of the Dungeon.
You worshipped Lugonu.
Lugonu was pleased with you.
You were not hungry.

You visited 1 branch of the dungeon, and saw 3 of its levels.
You visited the Abyss 1 time.

You collected 108 gold pieces.

Inventory:

Hand Weapons
 a - a +1 spear (weapon)
Missiles
 n - 5 tomahawks (quivered)
Armour
 b - a +0 leather armour
 h - a +1 ring mail
 l - a +0 pair of boots (worn)
 m - a +0 chain mail (worn)
Scrolls
 f - a scroll of remove curse
 i - 2 scrolls of identify {unknown}
 k - 2 scrolls of teleportation {unknown}
 r - a scroll of immolation {unknown}
Potions
 d - a potion of haste {unknown}
 e - a potion of berserk rage {unknown}
 g - a potion of curing {unknown}
 j - a potion of agility {unknown}
 o - a potion of heal wounds {unknown}
 p - a potion of lignification {unknown}
Comestibles
 c - 3 rations
 q - 5 chunks of flesh


   Skills:
 + Level 4.1(3.5) Fighting
 + Level 3.3(2.7) Polearms
 + Level 2.8(2.2) Armour
 + Level 1.7(1.0) Dodging
 + Level 0.1(0.0) Stealth
 + Level 2.3(1.6) Invocations


You had 4 spell levels left.
You didn't know any spells.
Your spell library contained the following spells:

 Spells                   Type           Power        Failure   Level  Hunger
 Flame Tongue             Conj/Fire      #....        95%         1    ##.....
 Cause Fear               Hex            #.........   100%        4    #####..
 Bolt of Fire             Conj/Fire      #.........   100%        6    #######
 Dragon Form              Tmut           #.........   100%        7    #######
 Dragon's Call            Summ           #.........   100%        9    #######


Dungeon Overview and Level Annotations

Branches:
Dungeon (3/15)

Altars:
Okawaru
The Shining One


Innate Abilities, Weirdness & Mutations

You cannot be hasted, slowed, berserked, paralysed or teleported.
You can dig through walls and to a lower floor.
Your four strong arms can wield two-handed weapons with a shield.
You have a pair of large antennae on your head. (SInv)
You are agile. (Dex +2)
Your movements are slightly less encumbered by armour. (ER -2)


Message History

You kill the orc!
Lugonu accepts your kill.
The orc priest mumbles some strange prayers to Beogh against you.
Beogh smites you!
The orc throws a tomahawk.
The tomahawk barely misses you.
You barely miss the rat. The rat bites you but does no damage.
A rat comes into view.
The orc priest calls down the wrath of Beogh upon you.
Beogh smites you!
* * * LOW HITPOINT WARNING * * *
You are too injured to fight recklessly!
You are too injured to fight recklessly!
You are too injured to fight recklessly!
You are too injured to fight recklessly!
You are too injured to fight recklessly!
You are too injured to fight recklessly!
You are too injured to fight recklessly!
Unknown command.
The orc priest invokes the aid of Beogh against you.
Beogh smites you!
You die...

#.#######.# ###........
.......!..# #.........
###.......####.#....###..
.......>.....#...........
...................####
..#.......##...###.#
..#.......##...# #.#
..##########...###.# ..#
#...r@..# ..# #....####
..# #..†o# { ### #.).o#
#....# ......# ....#..#
#..r....# ##.####.#


You could see an orc priest, an orc and 2 rats.

Vanquished Creatures
  Robin (D:3)
  An adder (D:2)
  2 oozes
  A worm (D:2)
  A dart slug (D:2)
  3 leopard geckos
  8 orcs (D:3)
  5 bats (D:1)
  A giant cockroach (D:1)
  15 goblins
  7 hobgoblins
  A quokka (D:3)
  A ball python (D:2)
  6 kobolds
  3 rats (D:1)
56 creatures vanquished.

Notes
Turn   | Place    | Note
-------+----------+-------------------------------------------
     0 | Abyss:1  | Kairos the Formicid Abyssal Knight began the quest for the
                  | Orb.
     0 | Abyss:1  | Reached XP level 1. HP: 18/18 MP: 2/2
    10 | Abyss:2  | Found a corrupted altar of Lugonu.
    42 | Abyss:2  | Noticed a neqoxec
    42 | Abyss:2  | Noticed a small abomination
    43 | Abyss:2  | Noticed a crimson imp
    51 | Abyss:2  | Noticed a small abomination
    54 | Abyss:2  | Noticed a purple ugly thing
    57 | D:1      | Escaped the Abyss
   484 | D:1      | Gained mutation: Your movements are slightly less
                  | encumbered by armour. (ER -2) [potion of mutation]
   484 | D:1      | Gained mutation: You are agile. (Dex +2) [potion of
                  | mutation]
   637 | D:1      | Reached XP level 2. HP: 23/25 MP: 3/3
   866 | D:1      | Reached * piety under Lugonu
   980 | D:1      | Reached skill level 4 in Fighting
  1145 | D:2      | Reached XP level 3. HP: 29/30 MP: 4/4
  1256 | D:2      | Reached skill level 1 in Dodging
  1292 | D:2      | Found a glowing golden altar of the Shining One.
  1770 | D:2      | Reached XP level 4. HP: 23/37 MP: 5/5
  1823 | D:2      | Found an iron altar of Okawaru.
  2400 | D:3      | Noticed Robin
  2454 | D:3      | Reached ** piety under Lugonu
  2469 | D:3      | Killed Robin
  2480 | D:3      | Reached XP level 5. HP: 29/42 MP: 6/6
  2542 | D:3      | Killed from afar by an orc priest

Skill      XL: |  1  2  3  4 |
---------------+-------------+-----
Fighting       | 4 |  4.1
Dodging        | 1 |  1.7
Polearms       | 3 |  3.3
Armour         | |  2.8
Stealth        | |  0.1
Invocations    | |  2.3

Action                   |  1- 3 |  4- 6 || total
-------------------------+-------+-------++-------
Melee: Spear             |   109 |    93 ||   202
Invok: Depart the Abyss  |     1 |       ||     1
 Abil: Dig               |       |     2 ||     2
  Use: Scroll            |     5 |       ||     5
       Potion            |     1 |       ||     1
  Eat: Chunk             |     2 |     3 ||     5
Armor: Leather armour    |     5 |       ||     5
       Ring mail         |    26 |     7 ||    33
       Chain mail        |       |    30 ||    30
Dodge: Dodged            |    44 |    28 ||    72
